[ AOE2 MATCH · #507332498 ]
UnrankedJapanese vs Japanese
Player's team · LOSS
[ REPLAY ANALYSIS · EXTRACTED FROM THE RECORDED GAME ]
Feudal
9:53
Castle
22:19
Imperial
—
| APM avg | 69.1 |
| APM peak | 105 |
| eAPM avg | 26.5 |
| Villagers / military | 85 / 72 |
Focus
⚔️ 34.9% · 🌾 65.1%
Archer ×33 · Cavalry Archer ×22 · Fishing Ship ×18 · Militia ×8 · Skirmisher ×5 · Mangonel ×4
Feudal
9:22
Castle
21:33
Imperial
—
| APM avg | 70.5 |
| APM peak | 108 |
| eAPM avg | 37.1 |
| Villagers / military | 77 / 51 |
Focus
⚔️ 53.7% · 🌾 46.3%
Archer ×41 · Fishing Ship ×13 · Militia ×5 · Mangonel ×4 · Unknown (2626) ×2 · Fire Galley ×1
Match map
Initial resources + every placement click. Lines = walls · curves = elevation contours. ◆ gold · ⬟ stone · ● berries · ✦ relic · ◌ wall gap
Your base· ✓ Closed at 22:19 · 34t walls · no gate
[CL] Davidlk1412's base· Open — opponent sealed themselves in
Smoothed initial terrain · ◌ = detected wall gap · hover for details
Inputs per minute
— Young Carter - - [CL] Davidlk1412
Build order — Young Carter
First 150 of 243 actions detected
| 0:00 | Create | Villager (Male) |
| 0:01 | Create | Villager (Male) |
| 0:01 | Create | Villager (Male) |
| 0:02 | Build | House |
| 0:03 | Build | House |
| 0:15 | Create | Villager (Male) |
| 0:16 | Create | Villager (Male) |
| 1:23 | Build | Lumber Camp |
| 1:32 | Create | Villager (Male) |
| 1:33 | Create | Villager (Male) |
| 2:05 | Create | Villager (Male) |
| 2:05 | Create | Villager (Male) |
| 2:19 | Create | Villager (Male) |
| 3:00 | Create | Villager (Male) |
| 3:00 | Create | Villager (Male) |
| 3:05 | Build | Dock |
| 3:09 | Build | Palisade Wall |
| 3:10 | Build | Palisade Wall |
| 3:25 | Create | Villager (Male) |
| 3:25 | Create | Villager (Male) |
| 3:29 | Build | House |
| 3:32 | Build | House |
| 3:49 | Create | Villager (Male) |
| 3:50 | Create | Villager (Male) |
| 4:02 | Create | Fishing Ship |
| 4:02 | Create | Fishing Ship |
| 4:19 | Create | Villager (Male) |
| 4:35 | Create | Villager (Male) |
| 4:46 | Create | Fishing Ship |
| 4:46 | Create | Fishing Ship |
| 4:56 | Create | Villager (Male) |
| 5:05 | Build | House |
| 5:28 | Create | Villager (Male) |
| 5:29 | Create | Villager (Male) |
| 5:30 | Create | Fishing Ship |
| 5:30 | Create | Fishing Ship |
| 5:46 | Create | Villager (Male) |
| 5:58 | Create | Fishing Ship |
| 6:17 | Create | Villager (Male) |
| 6:18 | Create | Villager (Male) |
| 6:19 | Create | Villager (Male) |
| 6:26 | Create | Villager (Male) |
| 6:26 | Create | Villager (Male) |
| 6:47 | Create | Villager (Male) |
| 7:00 | Build | Barracks |
| 7:13 | Research | Loom |
| 7:15 | Build | House |
| 7:43 | Research | Feudal Age |
| 7:44 | Research | Feudal Age |
| 7:49 | Build | Mining Camp |
| 7:52 | Build | House |
| 8:05 | Create | Militia |
| 8:06 | Create | Militia |
| 8:24 | Create | Militia |
| 8:24 | Create | Militia |
| 8:32 | Build | Palisade Wall |
| 8:33 | Build | Palisade Wall |
| 8:50 | Create | Fishing Ship |
| 8:58 | Create | Militia |
| 9:20 | Build | House |
| 9:31 | Create | Militia |
| 9:53 | Age | Feudal Age |
| 9:55 | Research | Man-at-Arms (upgrade) |
| 9:57 | Research | Double-Bit Axe |
| 10:06 | Create | Villager (Male) |
| 10:06 | Create | Villager (Male) |
| 10:14 | Build | Archery Range |
| 10:28 | Create | Villager (Male) |
| 10:28 | Create | Villager (Male) |
| 10:57 | Create | Villager (Male) |
| 10:57 | Create | Villager (Male) |
| 11:03 | Create | Villager (Male) |
| 11:10 | Create | Fishing Ship |
| 11:13 | Create | Archer |
| 11:14 | Create | Archer |
| 11:20 | Build | Mill |
| 11:24 | Build | House |
| 11:27 | Build | House |
| 11:29 | Build | Archery Range |
| 11:37 | Create | Militia |
| 11:42 | Create | Militia |
| 12:12 | Create | Villager (Male) |
| 12:15 | Build | House |
| 12:17 | Build | Palisade Wall |
| 12:28 | Build | Dock |
| 12:34 | Create | Archer |
| 12:34 | Create | Archer |
| 12:36 | Create | Villager (Male) |
| 13:05 | Create | Archer |
| 13:05 | Create | Archer |
| 13:15 | Create | Villager (Male) |
| 13:16 | Create | Villager (Male) |
| 13:17 | Create | Archer |
| 13:18 | Create | Archer |
| 13:18 | Create | Villager (Male) |
| 13:22 | Build | Blacksmith |
| 13:24 | Create | Villager (Male) |
| 13:28 | Build | House |
| 13:30 | Create | Archer |
| 13:54 | Create | Archer |
| 13:54 | Create | Archer |
| 13:56 | Create | Villager (Male) |
| 13:59 | Build | Palisade Wall |
| 14:03 | Create | Archer |
| 14:03 | Create | Archer |
| 14:19 | Create | Fishing Ship |
| 14:19 | Create | Fishing Ship |
| 14:20 | Create | Fishing Ship |
| 14:31 | Research | Fletching |
| 14:41 | Build | Mill |
| 14:45 | Build | Farm |
| 14:50 | Create | Villager (Male) |
| 14:51 | Create | Archer |
| 14:52 | Create | Archer |
| 15:16 | Create | Archer ×2 |
| 15:16 | Create | Archer |
| 15:20 | Create | Fishing Ship |
| 15:20 | Create | Fishing Ship |
| 15:22 | Create | Fishing Ship |
| 15:31 | Build | House |
| 15:56 | Create | Villager (Male) |
| 15:56 | Create | Villager (Male) |
| 16:10 | Create | Archer |
| 16:23 | Create | Archer ×3 |
| 16:23 | Create | Archer ×3 |
| 16:28 | Create | Archer |
| 16:28 | Create | Archer |
| 16:29 | Create | Villager (Male) |
| 16:29 | Create | Villager (Male) |
| 16:31 | Build | Farm |
| 16:32 | Create | Villager (Male) |
| 16:49 | Create | Archer |
| 16:50 | Create | Archer |
| 16:50 | Create | Villager (Male) |
| 17:13 | Create | Skirmisher |
| 17:13 | Create | Skirmisher |
| 17:13 | Create | Skirmisher |
| 17:27 | Create | Villager (Male) |
| 17:30 | Build | Market |
| 17:32 | Build | House |
| 17:36 | Create | Archer |
| 17:42 | Build | House |
| 17:43 | Build | Palisade Wall |
| 17:43 | Build | Palisade Wall |
| 17:51 | Create | Archer |
| 18:04 | Create | Skirmisher |
| 18:05 | Create | Skirmisher |
| 18:29 | Create | Archer |
| 18:29 | Create | Archer |
| 18:37 | Build | Farm |
Build order — [CL] Davidlk1412
First 150 of 231 actions detected
| 0:00 | Create | Villager (Male) |
| 0:01 | Create | Villager (Male) |
| 0:02 | Build | House |
| 0:02 | Build | House |
| 0:08 | Create | Villager (Male) |
| 0:08 | Create | Villager (Male) |
| 1:26 | Build | Lumber Camp |
| 1:29 | Create | Villager (Male) |
| 1:50 | Create | Villager (Male) |
| 1:51 | Create | Villager (Male) |
| 2:28 | Create | Villager (Male) |
| 2:49 | Create | Villager (Male) |
| 2:49 | Create | Villager (Male) |
| 3:02 | Build | House |
| 3:08 | Build | Dock |
| 3:19 | Create | Villager (Male) |
| 3:45 | Create | Villager (Male) |
| 3:51 | Create | Fishing Ship |
| 3:51 | Create | Fishing Ship |
| 4:09 | Create | Villager (Male) |
| 4:30 | Research | Loom |
| 4:34 | Create | Villager (Male) |
| 4:34 | Create | Fishing Ship |
| 4:54 | Create | Villager (Male) |
| 4:57 | Build | House |
| 5:16 | Create | Villager (Male) |
| 5:20 | Create | Fishing Ship |
| 5:20 | Create | Fishing Ship |
| 5:24 | Create | Villager (Male) |
| 6:18 | Create | Villager (Male) |
| 6:27 | Create | Fishing Ship |
| 6:32 | Research | Loom |
| 6:32 | Research | Loom |
| 6:50 | Create | Fishing Ship |
| 7:12 | Research | Feudal Age |
| 7:12 | Research | Feudal Age |
| 7:44 | Build | Lumber Camp |
| 7:57 | Create | Villager (Male) |
| 8:06 | Build | Mining Camp |
| 8:07 | Build | Mining Camp |
| 8:24 | Build | Barracks |
| 8:34 | Create | Villager (Male) |
| 8:44 | Build | House |
| 8:46 | Build | Mining Camp |
| 8:56 | Create | Villager (Male) |
| 9:02 | Build | House |
| 9:22 | Age | Feudal Age |
| 9:24 | Build | Dock |
| 9:25 | Create | Militia |
| 9:26 | Create | Militia |
| 9:28 | Create | Villager (Male) |
| 9:33 | Build | House |
| 9:34 | Build | Palisade Wall |
| 9:38 | Build | Palisade Wall |
| 9:39 | Build | Palisade Wall |
| 9:43 | Build | Palisade Wall |
| 9:46 | Create | Villager (Male) |
| 9:54 | Create | Villager (Male) |
| 10:10 | Create | Villager (Male) |
| 10:18 | Create | Villager (Male) |
| 10:37 | Create | Villager (Male) |
| 11:05 | Research | Man-at-Arms (upgrade) |
| 11:07 | Create | Villager (Male) |
| 11:10 | Create | Villager (Male) |
| 11:13 | Create | Unit 2626 |
| 11:13 | Create | Unit 2626 |
| 11:16 | Create | Villager (Male) |
| 11:18 | Build | Archery Range |
| 11:23 | Build | Palisade Wall |
| 11:23 | Build | Palisade Wall |
| 11:27 | Create | Militia |
| 11:46 | Build | House |
| 11:46 | Build | Palisade Wall |
| 11:52 | Build | House |
| 12:01 | Build | Palisade Wall |
| 12:02 | Build | Palisade Wall |
| 12:02 | Create | Villager (Male) |
| 12:06 | Create | Villager (Male) |
| 12:07 | Create | Archer |
| 12:12 | Create | Archer |
| 12:21 | Build | Blacksmith |
| 12:31 | Build | House |
| 12:33 | Build | House |
| 12:45 | Create | Archer |
| 12:58 | Create | Villager (Male) |
| 13:02 | Create | Villager (Male) |
| 13:12 | Create | Archer |
| 13:16 | Research | Fletching |
| 13:27 | Create | Fishing Ship |
| 13:32 | Create | Villager (Male) |
| 13:36 | Build | Palisade Wall |
| 13:37 | Build | Palisade Wall |
| 13:40 | Build | Palisade Wall |
| 13:45 | Create | Villager (Male) |
| 13:49 | Create | Villager (Male) |
| 14:19 | Create | Fire Galley |
| 14:33 | Create | Archer |
| 14:37 | Create | Militia |
| 14:39 | Create | Villager (Male) |
| 14:46 | Create | Villager (Male) |
| 14:51 | Create | Archer |
| 14:52 | Create | Villager (Male) |
| 14:54 | Create | Militia |
| 14:55 | Build | Outpost |
| 14:57 | Build | Mill |
| 15:21 | Create | Archer |
| 15:24 | Build | Archery Range |
| 15:53 | Create | Archer |
| 15:54 | Create | Villager (Male) |
| 15:56 | Build | House |
| 16:17 | Create | Archer |
| 16:27 | Create | Archer |
| 16:38 | Create | Archer |
| 16:47 | Create | Archer |
| 17:11 | Create | Archer |
| 17:11 | Create | Villager (Male) |
| 17:16 | Build | Dock |
| 17:18 | Create | Fishing Ship |
| 17:18 | Create | Fishing Ship |
| 17:20 | Create | Fishing Ship |
| 17:25 | Create | Villager (Male) |
| 17:30 | Build | Market |
| 17:33 | Build | Outpost |
| 17:35 | Create | Archer |
| 17:48 | Create | Archer |
| 17:48 | Create | Villager (Male) |
| 17:56 | Create | Villager (Male) |
| 17:58 | Build | Outpost |
| 18:08 | Build | House |
| 18:22 | Create | Villager (Male) |
| 18:35 | Research | Castle Age |
| 19:06 | Create | Archer |
| 19:06 | Create | Villager (Male) |
| 19:08 | Build | House |
| 19:09 | Build | House |
| 19:11 | Build | Mining Camp |
| 19:17 | Create | Villager (Male) |
| 19:27 | Research | Double-Bit Axe |
| 19:45 | Create | Archer |
| 19:46 | Create | Villager (Male) |
| 19:51 | Build | House |
| 19:52 | Build | House |
| 20:01 | Create | Archer |
| 20:03 | Create | Villager (Male) |
| 20:12 | Research | Gold Mining |
| 20:13 | Research | Horse Collar |
| 20:15 | Build | House |
| 20:16 | Build | House |
| 20:19 | Build | Palisade Wall |
| 20:24 | Build | Palisade Wall |
Match timeline
| 3:05 | Young Carter · first_building Dock |
| 3:08 | [CL] Davidlk1412 · first_building Dock |
| 3:09 | Young Carter · wall_segment Palisade Wall x1 |
| 3:10 | Young Carter · wall_segment Palisade Wall x1 |
| 7:00 | Young Carter · first_building Barracks |
| 8:24 | [CL] Davidlk1412 · first_building Barracks |
| 8:32 | Young Carter · wall_segment Palisade Wall x10 |
| 8:33 | Young Carter · wall_segment Palisade Wall x1 |
| 9:22 | [CL] Davidlk1412 · age_up feudal |
| 9:34 | [CL] Davidlk1412 · wall_segment Palisade Wall x1 |
| 9:38 | [CL] Davidlk1412 · wall_segment Palisade Wall x1 |
| 9:39 | [CL] Davidlk1412 · wall_segment Palisade Wall x1 |
| 9:43 | [CL] Davidlk1412 · wall_segment Palisade Wall x1 |
| 9:53 | Young Carter · age_up feudal |
| 10:14 | Young Carter · first_building Archery Range |
| 11:18 | [CL] Davidlk1412 · first_building Archery Range |
| 11:23 | [CL] Davidlk1412 · wall_segment Palisade Wall x1 |
| 11:23 | [CL] Davidlk1412 · wall_segment Palisade Wall x1 |
| 11:46 | [CL] Davidlk1412 · wall_segment Palisade Wall x1 |
| 12:01 | [CL] Davidlk1412 · wall_segment Palisade Wall x1 |
| 12:02 | [CL] Davidlk1412 · wall_segment Palisade Wall x1 |
| 12:17 | Young Carter · wall_segment Palisade Wall x1 |
| 13:36 | [CL] Davidlk1412 · wall_segment Palisade Wall x1 |
| 13:37 | [CL] Davidlk1412 · wall_segment Palisade Wall x1 |
| 13:40 | [CL] Davidlk1412 · wall_segment Palisade Wall x1 |
| 13:59 | Young Carter · wall_segment Palisade Wall x11 |
| 17:43 | Young Carter · wall_segment Palisade Wall x1 |
| 17:43 | Young Carter · wall_segment Palisade Wall x1 |
| 18:21 | Young Carter · first_market_sell 500 stone |
| 18:23 | Young Carter · first_market_buy 100 food |
| 18:29 | [CL] Davidlk1412 · first_market_buy 100 food |
| 18:32 | [CL] Davidlk1412 · first_market_sell 100 wood |
| 20:04 | Young Carter · first_building Stable |
| 20:19 | [CL] Davidlk1412 · wall_segment Palisade Wall x8 |
| 20:24 | [CL] Davidlk1412 · wall_segment Palisade Wall x1 |
| 21:20 | Young Carter · wall_segment Palisade Wall x2 |
| 21:27 | Young Carter · wall_segment Palisade Wall x1 |
| 21:29 | Young Carter · wall_segment Palisade Wall x1 |
| 21:33 | Young Carter · wall_segment Palisade Wall x1 |
| 21:33 | [CL] Davidlk1412 · age_up castle |
| 21:34 | Young Carter · wall_segment Palisade Wall x1 |
| 21:35 | Young Carter · wall_segment Palisade Wall x1 |
| 22:19 | Young Carter · age_up castle |
| 22:27 | [CL] Davidlk1412 · first_building Siege Workshop |
| 22:28 | Young Carter · first_building Siege Workshop |
| 27:36 | [CL] Davidlk1412 · first_building Castle |
| 29:05 | Young Carter · resign |
[ AI ANALYSIS · 1 CREDIT ]
What really happened in this match?
Wolo.gg analyzes every decision: build order, eco, micro, common mistakes by bracket. Personalized analysis on WhatsApp or Discord in 30 seconds.
Civ guide
Japanese
Perfil
Young Carter